AoeStats
← Tiantian_get

African Clearing

510960331Analyzed
4v4 RM · 9h ago on Oct 3, 2026· 64m 15s· 8 players
Game mode
Random Map
Map size
Large (8 player)
Population
200
Speed
Normal
Resources
Standard
Victory
Conquest
Starting age
Dark Age
Ending age
Imperial Age
RankedLock teamsTeams togetherTeam positionsShared explorationLock speedFull tech treeHidden civsTurbo modeCheats
Victory
Defeat
🇪🇸 Saracens · Spain
1160
+14
🇺🇸 Spanish · United States
1127
+15
🇫🇷 Persians · France
1124
+16
🇩🇪 Franks · Germany
1111
+16
🇨🇳 Mongols · China
1153
-17
🇭🇰 Jurchens · Hong Kong SAR China
1134
-16
🇨🇳 Franks · China
1114
-15
🇨🇳 Bohemians · China
1061
-13
showland_wolf
6:13 Loom
15:44 Feudal Age
17:55 Double-Bit Axe
20:59 Town Watch
23:24 Castle Age
23:55 Gold Mining
25:23 Bow Saw
25:16 Pikeman
26:04 Husbandry
26:19 Stone Mining
28:47 Wheelbarrow
30:53 Forging
32:32 Gold Shaft Mining
33:20 Hand Cart
34:56 Treadmill Crane
35:13 Murder Holes
38:05 Town Patrol
40:49 Imperial Age
39:08 Iron Casting
38:23 Fletching
40:46 Scale Barding Armor
40:43 Bodkin Arrow
41:12 Scale Mail Armor
42:33 Blast Furnace
41:49 Cavalier
42:56 Halberdier
43:38 Squires
45:01 Chain Mail Armor
45:37 Masonry
46:59 Ballistics
52:05 Plate Mail Armor
51:33 Arson
52:11 Chain Barding Armor
130农在出兵
14:15 Feudal Age
15:21 Double-Bit Axe
18:05 Castle Age
16:14 Fishing Lines
17:44 Loom
19:44 Bow Saw
26:44 Horse Collar
28:41 Heavy Plow
28:24 Fishing Lines
29:38 Ballistics
29:10 Fletching
29:21 Padded Archer Armor
29:54 Fervor
31:50 Wheelbarrow
31:33 Husbandry
32:50 Bodkin Arrow
33:07 Gillnets
34:11 Hand Cart
35:54 Leather Archer Armor
38:46 Imperial Age
36:51 Nomads
36:48 Town Watch
38:04 Stone Mining
38:04 Gold Mining
38:28 Thumb Ring
39:50 Conscription
38:52 Elite Mangudai
40:10 Hoardings
40:44 Chemistry
39:46 Bracer
40:00 Bloodlines
40:17 Parthian Tactics
41:16 Gold Shaft Mining
41:17 Stone Shaft Mining
43:08 Drill
42:18 Sappers
42:53 Town Patrol
43:07 Forging
43:02 Scale Barding Armor
44:37 Heavy Camel Rider
46:02 Elite Steppe Lancer
58:47 Light Cavalry
kahohohoka
5:01 Loom
17:34 Feudal Age
18:13 Double-Bit Axe
18:22 Gold Mining
23:03 Castle Age
21:38 Stone Mining
24:27 Forging
24:22 Scale Barding Armor
25:32 Husbandry
25:44 Bloodlines
27:11 Wheelbarrow
28:26 Gold Shaft Mining
33:15 Hand Cart
36:19 Horse Collar
43:38 Imperial Age
44:58 Elite Steppe Lancer
46:30 Iron Casting
47:15 Chain Barding Armor
47:20 Town Watch
52:18 Plate Barding Armor
52:44 Blast Furnace
57:12 Fortified Bastions
58:45 Fletching
60:52 Pikeman
61:32 Squires
62:36 Scale Mail Armor
62:02 Halberdier
63:19 Heavy Plow
64:28 Chain Mail Armor
Tiantian_get
10:17 Loom
12:14 Feudal Age
13:58 Feudal Age
18:22 Castle Age
16:41 Double-Bit Axe
17:22 Horse Collar
19:30 Bow Saw
22:16 Heavy Plow
27:48 Wheelbarrow
26:58 Town Watch
29:20 Hand Cart
29:05 Town Patrol
33:49 Imperial Age
32:20 Squires
32:05 Arson
31:42 Pikeman
32:34 Forging
34:42 Halberdier
36:35 Chemistry
35:56 Ballistics
36:01 Siege Engineers
39:00 Conscription
38:48 Wagenburg Tactics
42:58 Two-Man Saw
45:57 Houfnice
52:30 Murder Holes
52:23 Arrowslits
ScrotasticNutz
5:57 Loom
12:07 Feudal Age
13:44 Double-Bit Axe
19:46 Castle Age
22:33 Wheelbarrow
31:30 Pikeman
38:02 Imperial Age
36:07 Hand Cart
37:57 Squires
37:43 Arson
38:08 Cavalier
38:49 Husbandry
40:56 Elite Conquistador
42:05 Halberdier
44:42 Onager
47:23 Padded Archer Armor
47:14 Fletching
47:30 Scale Barding Armor
47:35 Forging
47:41 Elite Skirmisher
51:01 Supremacy
53:57 Chemistry
53:18 Ballistics
57:07 Leather Archer Armor
56:47 Bodkin Arrow
57:13 Chain Barding Armor
56:56 Scale Mail Armor
TheShamo
4:49 Loom
12:39 Feudal Age
17:34 Castle Age
16:21 Scale Barding Armor
16:18 Horse Collar
16:24 Double-Bit Axe
18:32 Heavy Plow
19:16 Wheelbarrow
19:57 Bow Saw
27:53 Hand Cart
32:00 Imperial Age
30:01 Forging
30:32 Chain Barding Armor
30:14 Husbandry
30:25 Bloodlines
34:09 Two-Man Saw
32:32 Cavalier
33:50 Plate Barding Armor
34:47 Iron Casting
35:25 Savar
37:13 Fletching
38:24 Blast Furnace
41:53 Light Cavalry
46:30 Bodkin Arrow
47:00 Conscription
49:24 Hussar
MalSofrit
7:46 Loom
12:47 Feudal Age
13:14 Double-Bit Axe
22:55 Castle Age
25:32 Bow Saw
25:03 Horse Collar
26:47 Heavy Plow
27:35 Wheelbarrow
26:58 Stone Mining
32:41 Hand Cart
38:07 Imperial Age
37:56 Scale Barding Armor
38:01 Forging
38:07 Bloodlines
37:58 Husbandry
38:32 Elite Mameluke
39:49 Conscription
42:23 Chain Barding Armor
42:38 Iron Casting
42:59 Light Cavalry
44:06 Hussar
49:16 Heavy Camel Rider
DER Grieche
6:22 Loom
13:55 Feudal Age
14:54 Double-Bit Axe
21:38 Castle Age
23:25 Scale Barding Armor
24:18 Gold Mining
26:42 Chain Barding Armor
27:53 Husbandry
30:01 Forging
29:43 Fletching
37:45 Imperial Age
35:55 Wheelbarrow
36:22 Iron Casting
37:57 Cavalier
39:15 Plate Barding Armor
43:49 Blast Furnace
42:45 Bodkin Arrow
44:20 Bow Saw
44:28 Hand Cart
43:58 Town Watch
47:16 Paladin
51:19 Padded Archer Armor
51:24 Scale Mail Armor
61:58 Chivalry
62:19 Conscription
Connection lost

Rejoining the realm…

Still unreachable

The connection could not be restored.

Session expired

The server has moved on; the page needs a fresh start.